Map: Pylon LE

Players

KimChiLoVer - Winner!

  • Race: Terran Terran
  • League: Diamond
  • Spawn Location: 5:00

VOD

Have the link to the VOD?

Description

Time

  • Played on: Oct. 26, 2025, 10:29 p.m.
  • Length: 8:53
Show
View Real Time Build Order
Export as new Build Order

KimChiLoVer Terran - Winner!

Build Orders: Reaper Expand, Hellion Banshee 

Get SALT Encoding   

  12  0:03  SCV  
  12  0:15  SCV  
  12  0:21  Supply Depot  
  12  0:27  SCV  
  12  0:43  SCV  
  12  0:44  Barracks  
  12  0:48  Refinery  
  12  0:55  SCV  
  12  1:07  SCV  
  12  1:19  SCV  
  12  1:31  Orbital Command  
  12  1:33  Reaper  
  12  1:41  Command Center  
  12  1:50  Supply Depot  
  12  1:57  SCV  
  12  2:05  Marine  
  12  2:10  Factory  
  12  2:17  SCV, Refinery  
  12  2:29  SCV  
  12  2:31  Barracks Reactor  
  12  2:41  SCV  
  12  2:53  SCV, Orbital Command  
  12  2:55  Starport  
  12  3:05  SCV  
  12  3:12  Hellion  
  12  3:13  Hellion  
  12  3:15  Barracks Tech Lab  
  12  3:17  SCV  
  12  3:24  SCV  
  12  3:25  Supply Depot  
  12  3:30  SCV  
  12  3:34  Hellion x2  
  12  3:36  SCV  
  12  3:40  Banshee  
  12  3:42  SCV, Cloaking Field  
  12  3:48  SCV, Supply Depot  
  12  3:54  SCV  
  12  3:55  Hellion  
  12  3:56  Supply Depot  
  12  3:59  Hellion  
  12  4:00  Marine  
  12  4:07  SCV x2  
  12  4:23  Command Center  
  12  4:24  Banshee  
  12  4:27  Barracks Tech Lab  
  12  4:37  Barracks  
  12  4:38  SCV x2, Barracks  
  12  4:45  Factory Reactor  
  12  4:47  Stimpack  
  12  4:50  SCV  
  12  4:51  SCV  
  12  4:56  Engineering Bay  
  12  5:00  Engineering Bay  
  12  5:03  SCV x2  
  12  5:05  Refinery  
  12  5:08  Refinery  
  12  5:09  Supply Depot  
  12  5:14  Supply Depot  
  12  5:15  SCV  
  12  5:19  Marine  
  12  5:22  SCV  
  12  5:23  Terran Infantry Weapons Level 1  
  12  5:24  Starport Reactor  
  12  5:26  Terran Infantry Armor Level 1  
  12  5:39  Marine x2  
  12  5:40  Marine  
  12  5:42  Siege Tank  
  12  5:44  Orbital Command  
  12  5:51  SCV x2  
  12  5:55  Armory  
  12  5:58  Marine x5  
  12  6:06  SCV x2  
  12  6:12  Medivac  
  12  6:13  Medivac  
  12  6:14  Siege Tank  
  12  6:15  Marine  
  12  6:16  Marine x2  
  12  6:18  SCV x2  
  12  6:23  Barracks  
  12  6:24  Marine  
  12  6:25  Barracks, Marine  
  12  6:30  SCV  
  12  6:31  Combat Shield  
  12  6:32  Orbital Command  
  12  6:33  Marine  
  12  6:44  SCV x2  
  12  6:51  Marine x4  
  12  7:02  Supply Depot  
  12  7:03  Supply Depot  
  12  7:07  Supply Depot  
  12  7:08  Supply Depot  
  12  7:16  Supply Depot  
  12  7:17  Supply Depot  
  12  7:20  Barracks Reactor, SCV x3, Marine x5  
  12  7:21  Barracks Reactor  
  12  7:22  Barracks  
  12  7:23  Medivac x2  
  12  7:25  Siege Tank, Barracks  
  12  7:32  SCV x3  
  12  7:37  Supply Depot  
  12  7:38  Marine x3  
  12  7:40  Marine x2  
  12  7:45  SCV x2  
  12  7:53  Medivac x2  
  12  7:56  Marine x3  
  12  7:57  Marine  
  12  7:58  Marine x5  
  12  8:02  SCV  
  12  8:05  SCV x2  
  12  8:12  Supply Depot  
  12  8:13  Marine x2  
  12  8:14  SCV, Supply Depot, Marine  
  12  8:17  SCV x2  
  12  8:20  Supply Depot  
  12  8:22  Barracks Reactor x2  
  12  8:23  Marine x3  
  12  8:24  Marine x3  
  12  8:30  Barracks  
  12  8:31  Marine  
  12  8:43  Supply Depot  
Tags
 
Add a new tag
Caveats
  • Supply blocks, unpowered buildings, or Contaminate may cause inaccurate times.
  • Supply counts are checked every 10 seconds.